Map: 아크로폴리스 - 래더

Players

PtitDrogo

  • Race: Protoss Protoss
  • League: Master
  • Spawn Location: 5:00

herO - Winner!

  • Race: Protoss Protoss
  • League: Master
  • Spawn Location: 11:00

Event: 2019 Assembly Summer

VOD

Have the link to the VOD?

Description

Time

  • Played on: Aug. 1, 2019, 7 a.m.
  • Length: 10:30

All games in this series

Show
View Real Time Build Order
Export as new Build Order

PtitDrogo Protoss 

Build Orders: Phoenix Opening, Zealot Archon 

Get SALT Encoding   

  12  0:00  Probe  
  13  0:13  Probe  
  14  0:17  Pylon  
  14  0:25  Probe  
  15  0:33  Probe  
  15  0:35  Gateway  
  15  0:41  Probe  
  16  0:46  Assimilator  
  17  0:51  Probe  
  17  0:55  Assimilator  
  18  0:59  Probe  
  19  1:07  Gateway, Probe  
  19  1:17  Probe  
  20  1:23  Cybernetics Core  
  21  1:29  Probe  
  22  1:33  Pylon  
  22  1:41  Probe  
  23  1:54  Probe, Warp Gate  
  24  1:59  Stalker  
  24  2:00  Sentry  
  28  2:11  Pylon  
  28  2:14  Probe  
  29  2:18  Pylon  
  33  2:31  Sentry  
  33  2:33  Phoenix  
  33  2:35  Probe  
  32  2:40  Nexus  
  32  2:46  Sentry  
  32  2:47  Probe  
  35  2:57  Pylon  
  35  2:59  Probe  
  35  3:03  Forge  
  36  3:11  Probe  
  37  3:22  Probe  
  37  3:23  Robotics Facility  
  38  3:30  Probe  
  39  3:38  Probe  
  39  3:45  Stalker  
  42  3:48  Stalker  
  42  3:49  Probe  
  42  3:53  Protoss Ground Weapons Level 1  
  45  3:55  Probe  
  45  4:01  Probe  
  47  4:03  Probe  
  48  4:13  Observer, Probe x2  
  48  4:16  Pylon  
  51  4:18  Stalker  
  51  4:22  Probe  
  53  4:26  Probe  
  53  4:28  Shield Battery  
  53  4:29  Stalker  
  53  4:30  Probe  
  57  4:34  Pylon  
  57  4:38  Probe  
  59  4:40  Probe  
  59  4:42  Assimilator  
  59  4:44  Assimilator  
  60  4:46  Photon Cannon  
  60  4:48  Stalker  
  60  4:50  Probe  
  60  4:52  Probe  
  64  5:02  Probe  
  64  5:04  Probe  
  60  5:14  Probe  
  60  5:16  Probe  
  59  5:22  Adept x2  
  59  5:26  Probe  
  59  5:28  Probe  
  60  5:34  Twilight Council  
  59  5:38  Immortal, Probe  
  59  5:40  Probe  
  62  5:50  Probe  
  62  5:52  Probe  
  62  5:54  Charge  
  64  6:00  Gateway  
  64  6:01  Gateway  
  64  6:02  Gateway, Probe  
  64  6:03  Gateway  
  65  6:04  Probe  
  65  6:09  Gateway x2  
  66  6:21  Warp Prism, Templar Archives  
  64  6:33  Pylon  
  64  6:38  Zealot x2  
  68  6:41  Pylon  
  68  6:51  Shield Battery  
  68  6:53  Probe  
  69  7:00  High Templar x4  
  69  7:01  Zealot x2  
  81  7:04  Archon x2  
  81  7:14  Probe  
  81  7:15  Pylon x2  
  82  7:29  Pylon  
  82  7:32  Zealot x2  
  82  7:33  Zealot x3  
  90  7:37  Nexus  
  90  7:39  Pylon  
  86  7:54  Zealot x6  
  98  7:59  Probe  
  87  8:21  High Templar x5, Forge  
  87  8:22  High Templar, Zealot x2  
  87  8:26  Archon x3  
  99  8:53  Zealot x7  
  113  8:56  Zealot  
  115  9:13  High Templar x2  
  115  9:14  High Templar  
  115  9:15  High Templar  
  115  9:16  Zealot x4  
  131  9:19  Warp Prism, Archon  
  131  9:20  Archon  
  121  9:41  Zealot x4  
  121  9:43  Zealot  
  129  9:46  Zealot x3  
  129  9:48  Probe  
  90  10:00  Probe  
  90  10:01  Probe  
  90  10:05  High Templar x2  
  90  10:06  Zealot x5  
  92  10:10  Archon  
  90  10:18  Zealot  
  76  10:27  Zealot x5  
Show
View Real Time Build Order
Export as new Build Order

herO Protoss - Winner!

Build Orders: Phoenix Opening, Archon Immortal 

Get SALT Encoding   

  12  0:00  Probe  
  13  0:12  Probe  
  14  0:17  Pylon  
  14  0:23  Probe  
  15  0:31  Probe  
  15  0:37  Gateway  
  15  0:40  Probe  
  16  0:46  Assimilator  
  17  0:51  Probe  
  17  0:54  Assimilator  
  18  0:59  Probe  
  19  1:07  Gateway, Probe  
  19  1:17  Probe  
  20  1:24  Cybernetics Core  
  21  1:29  Probe  
  22  1:33  Pylon  
  22  1:41  Probe  
  23  1:52  Warp Gate  
  23  1:53  Probe  
  24  2:00  Stalker  
  24  2:01  Sentry  
  28  2:11  Pylon  
  30  2:33  Nexus  
  30  2:35  Sentry, Phoenix  
  29  2:39  Sentry  
  31  2:51  Shield Battery  
  31  2:58  Robotics Facility  
  31  3:06  Pylon  
  31  3:10  Probe  
  36  3:22  Probe  
  33  3:28  Phoenix  
  33  3:31  Forge  
  33  3:35  Probe  
  33  3:39  Adept  
  33  3:40  Adept  
  38  3:44  Warp Prism  
  38  3:45  Probe  
  38  3:47  Probe  
  42  3:59  Probe x2  
  44  4:07  Adept x2  
  48  4:14  Probe  
  48  4:16  Probe  
  50  4:21  Pylon  
  50  4:22  Observer  
  51  4:27  Protoss Ground Weapons Level 1, Probe  
  51  4:28  Probe  
  53  4:37  Adept x2  
  57  4:41  Probe x2  
  59  4:51  Immortal  
  63  4:58  Probe x2  
  61  5:03  Assimilator  
  61  5:05  Assimilator  
  63  5:09  Probe x2  
  63  5:15  Pylon  
  63  5:23  Immortal  
  63  5:24  Probe x2  
  61  5:33  Adept x2  
  61  5:35  Twilight Council  
  65  5:36  Probe x2  
  63  5:51  Warp Prism  
  63  5:53  Adept x2  
  67  6:06  Gateway  
  67  6:12  Protoss Ground Weapons Level 2  
  67  6:13  Charge, Templar Archives  
  67  6:14  Gateway  
  67  6:17  Gateway  
  67  6:29  Gateway  
  67  6:33  Gateway  
  67  6:36  Immortal  
  71  6:43  Gateway  
  71  6:45  Pylon  
  71  6:50  High Templar, Pylon  
  71  6:53  High Templar  
  75  7:10  Archon  
  75  7:12  Probe x2  
  75  7:13  Pylon  
  75  7:15  Immortal  
  81  7:21  Zealot x3  
  87  7:27  Pylon  
  87  7:28  Pylon  
  87  7:38  High Templar x2  
  87  7:40  Zealot x3  
  95  7:51  Archon  
  95  7:52  Zealot x3  
  95  7:56  Pylon  
  95  7:58  Pylon  
  99  8:05  Pylon  
  99  8:11  High Templar x2, Zealot  
  99  8:12  Zealot x3  
  108  8:16  Archon  
  102  8:36  Zealot x3, Stalker x2  
  112  8:48  Colossus  
  112  8:54  Pylon  
  112  8:57  High Templar x2, Zealot x3  
  112  9:02  Zealot x2, Archon  
  124  9:05  Pylon  
  126  9:17  Zealot  
  126  9:18  Zealot  
  128  9:29  High Templar  
  128  9:30  High Templar x3, Zealot  
  128  9:31  Zealot  
  140  9:32  Pylon  
  140  9:33  Pylon  
  140  9:34  Archon x2  
  119  9:54  Zealot x4  
  103  10:01  Zealot  
  103  10:02  Zealot x2  
  77  10:21  Zealot x5  
  77  10:24  Zealot  
Tags
 
Add a new tag
Caveats
  • Supply blocks, unpowered buildings, or Contaminate may cause inaccurate times.
  • Supply counts are checked every 10 seconds.